 Dungeon Crawl Stone Soup version 0.29-a0-553-g81b289dbe5 (webtiles) character file.

Game seed: 10596297302953119642

77 grumblor the Skirmisher (level 4, 0/24 HPs)
             Began as a Vine Stalker Fighter on June 6, 2022.
             Slain by Robin
             ... wielding a +0 spear
              (6 damage)
             ... on level 3 of the Dungeon.
             The game lasted 00:02:31 (1835 turns).

grumblor the Skirmisher (Vine Stalker Fighter)      Turns: 1835, Time: 00:02:32

Health: 0/24       AC:  0    Str: 21    XL:     4   Next: 34%
Magic:  0/5        EV: 14    Int:  8    God:
Gold:   159        SH:  0    Dex: 13    Spells: 3/3 levels left

rFire   . . .      SeeInvis .   (weapon currently unavailable)
rCold   . . .      Faith    .   (shield currently unavailable)
rNeg    . . .      Spirit   +   (body armour currently unavailable)
rPois   .          Reflect  .   (helmet currently unavailable)
rElec   .          Harm     .   (cloak currently unavailable)
rCorr   .          Rampage  .   (gloves currently unavailable)
Will    .....                   (boots currently unavailable)
Stlth   +.........              (no amulet)
HPRegen 0.88/turn               (ring currently unavailable)
MPRegen 0.09/turn               (ring currently unavailable)

@: pig-form (expiring), very quick
A: fast, no casting, small, (fangs 2), regeneration 1, magic shield, (antimagic
bite), no potion heal 2
a: no special abilities


You were on level 3 of the Dungeon.
You were a filthy swine.
You visited 1 branch of the dungeon, and saw 3 of its levels.

You collected 159 gold pieces.

Inventory:

Hand Weapons
 a - a +0 war axe (melded)
Missiles
 k - a throwing net (quivered)
Armour
 b - a +0 scale mail (melded)
 c - a +0 buckler (melded)
 h - a +0 helmet (melded)
 i - a +0 cloak (melded)
Jewellery
 j - a ring of resist corrosion
 m - a ring of see invisible (melded)
Scrolls
 f - a scroll of silence
 g - 2 scrolls of fog
Potions
 d - a potion of might
 e - a potion of haste {unknown}


   Skills:
 * Level 3.2 Fighting
 + Level 2.5 Axes
 + Level 2.7 Armour
 * Level 1.1 Dodging
 + Level 3.0 Shields


You had 3 spell levels left.
You didn't know any spells.
Your spell library was empty.

Dungeon Overview and Level Annotations

Branches:
Dungeon (3/15)

Altars:

Annotations:
D:3 Robin


Innate Abilities, Weirdness & Mutations

You are a filthy swine.
You move quickly.
Your equipment is almost entirely melded.
You are incapable of wielding weapons or throwing items.
You cannot cast spells.
((You have extremely sharp teeth.))
Your natural rate of healing is unusually fast.
When hurt, damage is shared between your health and your magic reserves.
((Your bite disrupts and absorbs the magic of your enemies.))
Potions cannot restore your health.


Message History

* * * LOW HITPOINT WARNING * * *
The hobgoblin hits you.
* * * LOW HITPOINT WARNING * * *
Unknown command.
Okay, then.
You hit the goblin.
You kill the goblin!
Robin closely misses you. The hobgoblin closely misses you.
You see here a +0 dagger.
Things that are here:
a +0 dagger; a goblin corpse Robin throws the goblin at you!
* * * LOW HITPOINT WARNING * * *
The goblin misses you.
You barely miss the goblin. The goblin hits you with a +0 club.
* * * LOW HITPOINT WARNING * * *
You hit the goblin.
You kill the goblin!
Robin closely misses you.
Things that are here:
a +0 club; a goblin corpse The hobgoblin no longer looks unusually strong.
A ball python comes into view.
The ball python moves out of view.
Robin hits you with a +0 spear.
* * * LOW HITPOINT WARNING * * *
You hit Robin.
Robin is heavily wounded.
Your transformation is almost over.
The hobgoblin no longer looks unusually strong.
You hit Robin.
Robin is severely wounded.
Robin closely misses you.
You hit Robin but do no damage.
Robin is severely wounded.
Robin closely misses you.
You hit Robin.
Robin is severely wounded.
Robin hits you with a +0 spear.
You die...

#.###.#.#
#.###.#.#
#.##..#.#
#.##.##.#
#.##.##.#
#.......########
####............
####.#######.
#h# #g# #g# #g#
#)# #)#######g
#...g.....
##########


You could see Robin and 2 hobgoblins.

Vanquished Creatures
  2 adders (D:2)
  2 bats
  4 endoplasms
  3 giant cockroaches (D:2)
  11 goblins
  5 hobgoblins
  5 jackals
  2 quokkas (D:2)
  5 ball pythons
  7 frilled lizards
  4 kobolds (D:1)
  3 rats
53 creatures vanquished.

Vanquished Creatures (others)
  A demonic plant (D:2)
1 creature vanquished.

Grand Total: 54 creatures vanquished

Notes
Turn   | Place    | Note
-------+----------+-------------------------------------------
     0 | D:1      | grumblor the Vine Stalker Fighter began the quest for the
                  | Orb.
     0 | D:1      | Reached XP level 1. HP: 11/11 MP: 2/2
    73 | D:1      | Reached XP level 2. HP: 16/16 MP: 3/3
   488 | D:1      | Reached XP level 3. HP: 19/20 MP: 4/4
  1409 | D:2      | Reached skill level 1 in Dodging
  1412 | D:2      | Gained mutation: Your natural rate of healing is unusually
                  | fast. [Vine Stalker growth]
  1412 | D:2      | Reached XP level 4. HP: 24/24 MP: 5/5
  1568 | D:2      | Found a faded altar of an unknown god.
  1568 | D:2      | Noticed a cacodemon
  1795 | D:3      | Noticed Robin
  1820 | D:3      | HP: 1/24 [hobgoblin[Robin] (3)]
  1835 | D:3      | Slain by Robin

Illustrated notes

Levels and vault maps discovered:
D:1:      moated_graveyard_arrival, layout_basic
D:2:      layout_basic, dreamdust_ecumenical_altar_sealed_demon
D:3:      layout_loops_cross, grunt_temple_overflow_bloody_war,
          minmay_strange_pillars, uniq_grinder, uniq_robin

Skill      XL: |  1  2  3 |
---------------+----------+-----
Fighting       | 3 |  3.2
Axes           | 2 |  2.5
Shields        | 3 |  3.0
Dodging        | 1 |  1.1
Armour         | |  2.7

Action                   |  1- 3 |  4- 6 || total
-------------------------+-------+-------++-------
Melee: War axe           |    84 |    26 ||   110
       Bite              |    11 |     3 ||    14
       Unarmed           |       |    16 ||    16
  Use: Scroll            |     7 |       ||     7
Armor: Scale mail        |    57 |    14 ||    71
Dodge: Dodged            |    42 |    38 ||    80
Block: Buckler           |    20 |     5 ||    25

Table legend: (Time is in decaauts)
 A = Elapsed time spent in this place.
 B = Non-inter-level travel time spent in this place.
 C = Inter-level travel time spent in this place.
 D = Time resting spent in this place.
 E = Time spent auto-exploring this place.
 F = Levels seen in this place.
 G = Mean time per level.
                   A        B        C        D        E       F      G
               +--------+--------+--------+--------+--------+-----+--------+
         Total |   1878 |   1830 |     48 |      0 |   1442 |   3 |  626.0 |
       Dungeon |   1878 |   1830 |     48 |      0 |   1442 |   3 |  626.0 |
               +--------+--------+--------+--------+--------+-----+--------+

Top non-repeatable levels by time:
     D:2: 1003 daAuts
     D:1: 803 daAuts
     D:3: 71 daAuts
